 Dungeon Crawl Stone Soup version 0.24-a0-251-g44e327e (webtiles) character file.

Game seed: 18076741641919074723

592 Lanoc the Chopper (level 7, -3/60 HPs)
             Began as a Grey Draconian Gladiator on Apr 16, 2019.
             Slain by an orc warrior
             ... wielding a +0 scimitar
              (12 damage)
             ... on level 5 of the Dungeon.
             The game lasted 00:03:47 (2275 turns).

Lanoc the Chopper (Grey Draconian Gladiator)        Turns: 2275, Time: 00:03:48

Health: -3/60      AC: 11    Str: 16    XL:     7   Next: 16%
Magic:  7/7        EV: 14    Int:  8    God:
Gold:   136        SH:  0    Dex: 15    Spells: 6/6 levels left

rFire    . . .     SeeInvis +   a - +0 war axe
rCold    . . .     Gourm    .   (no shield)
rNeg     . . .     Faith    .   (armour unavailable)
rPois    .         Spirit   .   b - +0 hat
rElec    .         Reflect  .   (no cloak)
rCorr    +         Harm     .   (no gloves)
MR       .....                  (no boots)
Stlth    +.........             (no amulet)
HPRegen  0.20/turn              e - ring of see invisible
MPRegen  0.10/turn              i - ring of resist corrosion

@: confused, slowed, very slow
A: walk through water, unfitting armour, unbreathing, cold-blooded, AC +11
a: no special abilities


You were on level 5 of the Dungeon.
You were not hungry.

You visited 1 branch of the dungeon, and saw 5 of its levels.

You collected 136 gold pieces.

Inventory:

Hand Weapons
 a - a +0 war axe (weapon)
Missiles
 c - 3 throwing nets (quivered)
Armour
 b - a +0 hat (worn)
Jewellery
 e - a ring of see invisible (left hand)
 i - a ring of resist corrosion (right hand)
Scrolls
 f - 3 scrolls of remove curse {unknown}
 g - 8 scrolls of identify {unknown}
 l - a scroll of amnesia {unknown}
 q - 2 scrolls of teleportation {unknown}
Potions
 h - a potion of ambrosia
 j - a potion of flight {unknown}
 k - 3 potions of mutation {unknown}
 m - 2 potions of curing {unknown}
 n - 2 potions of degeneration {unknown}
 o - a potion of agility {unknown}
 p - a potion of heal wounds {unknown}
Comestibles
 d - 5 rations
 r - 4 chunks of flesh


   Skills:
 + Level 4.7 Fighting
 * Level 6.2 Axes
 - Level 1.7 Throwing
 + Level 4.4 Dodging


You had 6 spell levels left.
You didn't know any spells.
Your spell library was empty.

Dungeon Overview and Level Annotations

Branches:
Dungeon (5/15)
 Temple: D:4-7

Altars:
Dithmenos
Elyvilon
Makhleb
Okawaru
Zin


Innate Abilities, Weirdness & Mutations

You can walk through water.
Your dull iron-grey scales are very hard. (AC +11)
You cannot fit into any form of body armour.
You can survive without breathing.
You are cold-blooded and may be slowed by cold attacks.


Message History

The orc wizard seems to speed up.
You barely miss the orc warrior.
The orc warrior is moderately wounded.
The orc wizard casts a spell at you.
You feel yourself slow down. The orc warrior barely misses you.
You barely miss the orc warrior.
The orc warrior is moderately wounded.
You closely miss the orc priest.
The orc priest invokes the aid of Beogh against you.
Beogh smites you!
The orc warrior hits you with a +0 scimitar!
* * * LOW HITPOINT WARNING * * *
It was a potion of ambrosia.
You are confused.
You feel invigorated.
The orc priest invokes the aid of Beogh against you.
Beogh smites you!
* * * LOW HITPOINT WARNING * * *
The orc warrior hits you with a +0 scimitar!
You die...

.....#......#
.....#......#
.....'.†....#
.....####...# ###+#
###.....#...#######.>..#
#.....#.........>....#
#..(..#..............#
#.....#......).....<.#
###..(.>#.##...#@o#####
#.....###########o......
#.....# o...... #.....#
....... #.....# .......
#....)# ....... #.....#
....... ####### #######


You could see an orc warrior, an orc priest and an orc wizard.

Vanquished Creatures
  A black bear (D:5)
  A sky beast (D:5)
  A centaur (D:5)
  A howler monkey (D:3)
  A hound (D:5)
  An orc wizard (D:4)
  2 worker ants
  A hound skeleton (D:4)
  A howler monkey skeleton (D:4)
  7 adders
  3 oozes (D:1)
  An adder zombie (D:5)
  A worm (D:1)
  3 dart slugs
  2 leopard geckos
  12 orcs
  2 bats
  5 giant cockroaches
  6 goblins
  8 hobgoblins
  7 jackals
  A ball python (D:1)
  5 frilled lizards
  3 kobolds
  9 rats
85 creatures vanquished.

Notes
Turn   | Place    | Note
-------+----------+-------------------------------------------
     0 | D:1      | Lanoc the Draconian Gladiator began the quest for the Orb.
     0 | D:1      | Reached XP level 1. HP: 17/17 MP: 1/1
     1 | D:1      | Found a runed translucent door.
     9 | D:1      | Reached XP level 2. HP: 21/25 MP: 2/2
    18 | D:1      | Reached XP level 3. HP: 12/30 MP: 3/3
   316 | D:2      | Found a white marble altar of Elyvilon.
   374 | D:2      | Found an iron altar of Okawaru.
   485 | D:2      | Reached skill level 4 in Axes
   522 | D:3      | Reached XP level 4. HP: 35/38 MP: 4/4
   821 | D:3      | Reached XP level 5. HP: 45/45 MP: 5/5
   930 | D:3      | Found a burning altar of Makhleb.
  1122 | D:4      | Found a shadowy altar of Dithmenos.
  1135 | D:4      | Reached skill level 5 in Axes
  1451 | D:4      | Reached XP level 6. HP: 46/52 MP: 6/6
  1659 | D:4      | Found an iron altar of Okawaru.
  1766 | D:5      | Entered Level 5 of the Dungeon
  1775 | D:5      | Found a glowing silver altar of Zin.
  1850 | D:5      | Noticed a sky beast
  1859 | D:5      | Killed a sky beast
  2096 | D:5      | Reached skill level 6 in Axes
  2096 | D:5      | Your scales start taking on a dull iron-grey colour.
  2096 | D:5      | Reached XP level 7. HP: 31/60 MP: 7/7
  2096 | D:5      | Gained mutation: You can survive without breathing. [Grey
                  | Draconian growth]
  2275 | D:5      | Slain by an orc warrior

Levels and vault maps discovered:
D:1:      dpeg_arrival_caged_fury, layout_basic, minmay_splitting_lines
D:2:      cheibrodos_old_hovel, layout_rooms, elyvilon_altar_4,
          nicolae_gozag_cash_rules_everything_around_me, old_standard_altar,
          okawaru_ov_weapons_minmay
D:3:      layout_loops_ring, overflow_temple_1_default, first_ration
D:4:      layout_basic, nicolae_dithmenos_shadow_blocks, kennysheep_mini_moat
D:5:      layout_gridville, old_standard_altar, yredelemnul_altar_generic,
          old_standard_altar, kennysheep_flooded_box

Skill      XL: |  1  2  3  4  5  6 |
---------------+-------------------+-----
Dodging        | 3 4 |  4.4
Fighting       | 3 4 |  4.7
Axes           | 4 5 6 |  6.2
Throwing       | |  1.7

Action                   |  1- 3 |  4- 6 |  7- 9 || total
-------------------------+-------+-------+-------++-------
Melee: War axe           |    57 |   136 |    11 ||   204
       Tailslap          |     6 |    16 |     2 ||    24
  Use: Potion            |       |       |     1 ||     1
 Stab: Sleeping          |     3 |     3 |       ||     6
  Eat: Chunk             |       |     3 |     2 ||     5
Armor: Skin              |    27 |    51 |     3 ||    81
Dodge: Dodged            |    54 |   118 |     6 ||   178

Table legend:
 A = Non-vault XP
 B = Vault XP
 C = Vault XP percentage of total XP
 D = Non-vault monster count
 E = Vault monster count
 F = Vault count percentage of total count
                 A         B        C        D         E       F
            +---------+---------+-------+---------+---------+-------
      Total |     806 |      41 |   4.8 |      72 |      13 |  15.3
            +---------+---------+-------+---------+---------+-------
        D:1 |       8 |      41 |  83.7 |       5 |      13 |  72.2
        D:2 |      47 |       0 |   0.0 |      13 |       0 |   0.0
        D:3 |     164 |       0 |   0.0 |      33 |       0 |   0.0
        D:4 |     135 |       0 |   0.0 |      13 |       0 |   0.0
        D:5 |     452 |       0 |   0.0 |       8 |       0 |   0.0
            +---------+---------+-------+---------+---------+-------
